 Dungeon Crawl Stone Soup version 0.27-a0-679-g77a6b55cf3 (webtiles) character file.

Game seed: 273997792417797405

40 rednaxela the Caller (level 3, 0/29 HPs)
             Began as a Palentonga Summoner on Mar 18, 2021.
             Slain by an adder (4 damage)
             ... on level 2 of the Dungeon on Mar 19, 2021.
             The game lasted 00:08:12 (2959 turns).

rednaxela the Caller (Palentonga Summoner)          Turns: 2959, Time: 00:08:12

Health: 0/29       AC:  4    Str: 12    XL:     3   Next: 30%
Magic:  6/6        EV:  9    Int: 15    God:
Gold:   53         SH:  0    Dex: 10    Spells: 5/6 levels left

rFire    . . .     SeeInvis +     - Unarmed
rCold    . . .     Faith    .   (no shield)
rNeg     . . .     Spirit   .   c - +0 leather armour
rPois    .         Reflect  .   (no helmet)
rElec    .         Harm     .   (no cloak)
rCorr    .         Rampage  .   (no gloves)
Will     .....                  (no barding)
Stlth    +.........             (no amulet)
HPRegen  0.09/turn              (no ring)
MPRegen  0.10/turn              (no ring)

@: lethally poisoned (0 -> -8)
A: large, rugged brown scales 3, see invisible, deformed body, roll 1, armoured
tail
a: Rolling Charge


You were on level 2 of the Dungeon.
You visited 1 branch of the dungeon, and saw 2 of its levels.

You collected 53 gold pieces.

Inventory:

Missiles
 b - 36 stones
Armour
 c - a +0 leather armour (worn)
   (You found it on level 1 of the Dungeon)
Jewellery
 g - a ring of flight
   (You found it on level 2 of the Dungeon)
Potions
 e - a potion of brilliance {unknown}
 f - a potion of attraction {unknown}


   Skills:
 + Level 1.5 Fighting
 - Level 1.5 Dodging
 - Level 1.2 Stealth
 * Level 2.4 Unarmed Combat
 - Level 2.0 Spellcasting
 - Level 3.2 Summonings


You had 5 spell levels left.
You knew the following spells:

 Your Spells              Type           Power      Damage    Failure   Level
a - Summon Small Mammal   Summ           44%        N/A       8%          1

Your spell library contained the following spells:

 Spells                   Type           Power      Damage    Failure   Level
 Call Imp                 Summ           11%        N/A       11%         2
 Call Canine Familiar     Summ           11%        N/A       22%         3
 Summon Guardian Golem    Hex/Summ       6%         N/A       41%         3
 Summon Ice Beast         Ice/Summ       6%         N/A       82%         4
 Summon Lightning Spire   Summ/Air       6%         N/A       82%         4
 Cause Fear               Hex            0%         N/A       95%         4
 Silence                  Hex/Air        0%         N/A       100%        5
 Yara's Violent Unravell  Hex/Tmut       0%         3d3       100%        5
 Discord                  Hex            0%         N/A       100%        8


Dungeon Overview and Level Annotations

Branches:
Dungeon (2/15)

Altars:

Shops:
D:2 !


Innate Abilities, Weirdness & Mutations

You are completely covered in rugged brown scales. (AC +3, +7% HP)
You have supernaturally acute eyesight. (SInv)
Armour fits poorly on your strangely shaped body.
You can roll at nearby foes to attack.
You have a long armoured tail.


Message History

Your rat barely misses the adder.
The goblin closely misses your rat.
You miss the adder.
The adder is severely wounded.
You feel sick.
Your bat hits the adder but does no damage.
The adder closely misses you.
Your rat barely misses the adder.
Your bat barely misses the adder.
The goblin hits your rat. The adder bites you but does no damage.
You closely miss the adder.
The adder is severely wounded.
Your bat hits the adder but does no damage.
Your bat closely misses the adder.
Your rat bites the adder.
Your bat hits the adder. The goblin hits your rat.
Your rat dies!
Your rat's corpse disappears in a puff of smoke!
The adder bites your bat.
Your bat dies!
Your bat's corpse disappears in a puff of smoke!
The adder hisses angrily.
You closely miss the adder.
The adder is almost dead.
The adder bites you.
* * * LOW HITPOINT WARNING * * *
Casting: Summon Small Mammal (safe; 8% risk of failure)
Confirm with . or Enter, or press ? or * to list all spells.
* * * LOW HITPOINT WARNING * * *
You feel sick. The adder bites you.
* * * LOW HITPOINT WARNING * * *
The goblin hits you but does no damage.
Your bat hits the goblin. The adder bites you.
* * * LOW HITPOINT WARNING * * *
The goblin hits you but does no damage. The adder bites you but does no damage.
Really quaff
a - a potion of curing {@q1 !q}?
You feel better. The goblin barely misses you. The adder barely misses you.
Your bat closely misses the goblin.
You barely miss the adder.
The adder is almost dead.
Your bat barely misses the goblin.
Your bat hits the goblin. The adder bites you.
* * * LOW HITPOINT WARNING * * *
The goblin closely misses you.
You hit the adder but do no damage.
The adder is almost dead.
Your bat hits the goblin. The adder barely misses you.
The goblin closely misses your bat.
You hit the adder but do no damage.
The adder is almost dead.
Your bat hits the goblin.
The goblin dies!
The adder bites you.
* * * LOW HITPOINT WARNING * * *
You are poisoned.
The adder poisons you! The adder bites you.
* * * LOW HITPOINT WARNING * * *
You are more poisoned.
The adder poisons you!
Really quaff
d - a potion of ambrosia {!q}?
You are confused.
You feel invigorated.
* * * LOW HITPOINT WARNING * * *
You feel sick. The adder bites you but does no damage.
Your bat closely misses the adder.
Are you sure you want to stumble around while confused and next to your bat? [Y]es or [N]o only, please.
Are you sure you want to stumble around while confused and next to your bat? [Y]es or [N]o only, please.
Are you sure you want to stumble around while confused and next to your bat?
Okay, then.
You feel sick.
Your bat hits the adder but does no damage.
The adder bites you.
* * * LOW HITPOINT WARNING * * *
You are more poisoned.
The adder poisons you!
You feel less invigorated.
You feel less confused.
* * * LOW HITPOINT WARNING * * *
You feel sick.
Your bat hits the adder but does no damage.
* * * LOW HITPOINT WARNING * * *
You feel sick.
Your bat misses the adder.
Your bat hits the adder but does no damage.
* * * LOW HITPOINT WARNING * * *
You feel sick.
Your bat closely misses the adder.
The adder bites your bat.
Your bat dies!
Your bat's corpse disappears in a puff of smoke!
The adder hisses angrily.
* * * LOW HITPOINT WARNING * * *
You feel sick.
* * * LOW HITPOINT WARNING * * *
You feel sick.
You closely miss the adder.
The adder is almost dead.
The adder bites you.
* * * LOW HITPOINT WARNING * * *
You barely miss the adder.
Your tail-slap misses the adder.
The adder is almost dead.
* * * LOW HITPOINT WARNING * * *
You feel sick. The adder barely misses you. The adder bites you.
You die...

# .# # ### #.# ##
#.. ... ..g .. #.#
#.# #.# .. #.# #.#
#####.#.## #.# #.#
#...... ..
#.###.###.# #.# ##
#@#.......###.#+##
##S###.............
#..†.'§............
######........#....
#........#....
#........#....
#........#....
#........#....
#.....)..#....


You could see an adder.

Vanquished Creatures
  An ooze (D:2)
  A dart slug (D:1)
  2 ball pythons
  2 giant cockroaches (D:1)
  A goblin (D:2)
  4 hobgoblins (D:1)
  3 kobolds (D:1)
  A quokka (D:1)
  5 bats
  2 frilled lizards (D:2)
  2 rats (D:1)
24 creatures vanquished.

Vanquished Creatures (collateral kills)
  An adder (D:2)
  A goblin (D:2)
  A hobgoblin (D:1)
  A quokka (D:1)
  2 rats
6 creatures vanquished.

Grand Total: 30 creatures vanquished

Notes
Turn   | Place    | Note
-------+----------+-------------------------------------------
     0 | D:1      | rednaxela the Palentonga Summoner began the quest for the
                  | Orb.
     0 | D:1      | Reached XP level 1. HP: 14/14 MP: 3/3
   649 | D:1      | Reached skill level 1 in Unarmed Combat
   784 | D:1      | Reached XP level 2. HP: 21/23 MP: 5/5
   848 | D:1      | Reached skill level 1 in Fighting
  1919 | D:1      | Reached skill level 2 in Unarmed Combat
  2373 | D:2      | Reached XP level 3. HP: 12/29 MP: 3/6
  2869 | D:2      | Found Vakhlubb's Distillery.
  2946 | D:2      | HP: 1/29 [adder (3)]
  2959 | D:2      | Slain by an adder

Illustrated notes

Levels and vault maps discovered:
D:1:      roderic_dead_forest, layout_basic, minmay_tetromino_l2
D:2:      minmay_recursive_quarters, layout_basic, serial_shops, shop_statue

Skill      XL: |  1  2 |
---------------+-------+-----
Unarmed Combat | 1 2 |  2.4
Fighting       | 1 |  1.5
Dodging        | |  1.5
Stealth        | |  1.2
Spellcasting   | |  2.0
Summonings     | |  3.2

Action                   || total
-------------------------++-------
Melee: Unarmed           ||   144
       Tailslap          ||     7
 Cast: Summon Small Mamm ||    29
 Abil: Rolling Charge    ||     2
  Use: Scroll            ||     2
       Potion            ||     2
Armor: Robe              ||    36
       Leather armour    ||    45
Dodge: Dodged            ||   108

Table legend: (Time is in decaauts)
 A = Elapsed time spent in this place.
 B = Non-inter-level travel time spent in this place.
 C = Inter-level travel time spent in this place.
 D = Time resting spent in this place.
 E = Time spent auto-exploring this place.
 F = Levels seen in this place.
 G = Mean time per level.
                   A        B        C        D        E       F      G
               +--------+--------+--------+--------+--------+-----+--------+
         Total |   2959 |   2902 |     57 |   1069 |   1190 |   2 | 1479.5 |
       Dungeon |   2959 |   2902 |     57 |   1069 |   1190 |   2 | 1479.5 |
               +--------+--------+--------+--------+--------+-----+--------+

Top non-repeatable levels by time:
     D:1: 2339 daAuts
     D:2: 619 daAuts
